AoeStats
← inman.chris406

Enclosed

505288382Analyzed
1v1 RM · 23d ago on Sep 8, 2026· 34m 15s· 2 players
Game mode
Random Map
Map size
Tiny (2 player)
Population
200
Speed
Normal
Resources
Standard
Victory
Conquest
Starting age
Dark Age
Ending age
Imperial Age
RankedLock teamsTeams togetherTeam positionsShared explorationLock speedFull tech treeHidden civsTurbo modeCheats
Victory
Defeat
🇨🇴 Slavs · Colombia
898
+16
🇺🇸 Lithuanians · United States
901
-16
Trailer park supervisor
5:20 Loom
13:44 Feudal Age
12:20 Loom
13:47 Man-at-Arms
14:20 Double-Bit Axe
14:18 Horse Collar
17:14 Forging
18:41 Scale Mail Armor
21:33 Bloodlines
24:51 Castle Age
24:16 Scale Barding Armor
24:55 Long Swordsman
25:40 Squires
26:17 Iron Casting
26:09 Pikeman
29:46 Gold Mining
31:35 Stone Mining
33:01 Chain Mail Armor
inman.chris406
7:18 Loom
10:29 Feudal Age
8:47 Loom
12:45 Double-Bit Axe
17:29 Horse Collar
24:05 Castle Age
23:17 Bloodlines
27:02 Scale Barding Armor
29:15 Wheelbarrow
28:25 Town Watch
29:05 Gold Mining
29:54 Forging
32:51 Hand Cart
32:50 Bow Saw
Connection lost

Rejoining the realm…

Still unreachable

The connection could not be restored.

Session expired

The server has moved on; the page needs a fresh start.